 Dungeon Crawl Stone Soup version 0.27.1-34-g3ba077fa99 (webtiles) character file.

Game seed: 17880842494915929583

124 Flarelocke the Ducker (level 4, 0/35 HPs)
             Began as a Demonspawn Gladiator on Jan 11, 2022.
             Slain by Ijyb (1 damage)
             ... on level 3 of the Dungeon.
             The game lasted 00:05:03 (2278 turns).

Flarelocke the Ducker (Demonspawn Gladiator)        Turns: 2278, Time: 00:05:03

Health: 0/35       AC:  4    Str: 15    XL:     4   Next: 81%
Magic:  0/4        EV: 16    Int: 10    God:
Gold:   137        SH:  0    Dex: 14    Spells: 3/3 levels left

rFire    . . .     SeeInvis .   a - +0 long sword
rCold    . . .     Faith    .   (no shield)
rNeg     . . .     Spirit   +   b - +1 leather armour
rPois    .         Reflect  .   (helmet restricted)
rElec    .         Harm     .   (no cloak)
rCorr    .         Rampage  .   (no gloves)
Will     .....                  (no boots)
Stlth    +.........             h - amulet of guardian spirit
HPRegen  0.11/turn              k - +4 ring of evasion
MPRegen  0.09/turn              (no ring)

@: no status effects
A: horns 1, icemail 1, condensation shield
a: no special abilities


You were on level 3 of the Dungeon.
You visited 1 branch of the dungeon, and saw 4 of its levels.

You collected 137 gold pieces.

Inventory:

Hand Weapons
 a - a +0 long sword (weapon)
Missiles
 d - 3 throwing nets (quivered)
Armour
 b - a +1 leather armour (worn)
 c - a +0 helmet
Jewellery
 h - an amulet of guardian spirit (around neck)
 k - a +4 ring of evasion (left hand)
Scrolls
 e - a scroll of summoning {unknown}
 g - a scroll of enchant armour
 i - a scroll of teleportation {unknown}
 m - 2 scrolls of enchant weapon {unknown}
 n - a scroll of identify {unknown}
 o - 2 scrolls of fear {unknown}
Potions
 f - a potion of curing {unknown}
 j - a potion of flight {unknown}
 l - 2 potions of ambrosia {unknown}
 p - a potion of haste {unknown}


   Skills:
 + Level 3.0 Fighting
 + Level 3.4 Long Blades
 + Level 2.7 Throwing
 + Level 3.4 Dodging


You had 3 spell levels left.
You didn't know any spells.
Your spell library contained the following spells:

 Spells                   Type           Power      Damage    Failure   Level
 Sting                    Tmut/Pois      0%         1d3       43%         1
 Poisonous Vapours        Pois/Air       0%         N/A       56%         2
 Olgreb's Toxic Radiance  Pois           0%         N/A       99%         4


Dungeon Overview and Level Annotations

Branches:
Dungeon (4/15)
 Temple: D:4-7

Altars:

Annotations:
D:3 Ijyb, Robin
D:4 Sigmund


Innate Abilities, Weirdness & Mutations

You have a pair of small horns on your head.
A meltable icy envelope protects you from harm. (AC +0)
A meltable shield of frost defends you. (SH +0)


Message History

There is a stone staircase leading down here.
There is a stone staircase leading down here.
You climb downwards.
Level annotation: Robin
There is a stone staircase leading up here.
Found a stone staircase leading down.
You open the door.
There is an open door here.
An endoplasm comes into view.
The endoplasm quivers.
Ijyb the Twisted Goblin comes into view.
She is wielding a +0 dagger and carrying a wand of flame (16).
Found 27 sling bullets.
Ijyb shouts!
You hit the endoplasm.
The endoplasm is almost dead.
The endoplasm freezes you.
You are frozen.
Ijyb zaps a wand.
The puff of flame hits you!
Your icy defenses dissipate!
You hit the endoplasm.
You kill the endoplasm!
Ijyb zaps a wand.
The puff of flame hits you.
Ijyb zaps a wand.
The puff of flame hits you!
You are too injured to fight recklessly!
You hit Ijyb but do no damage.
Ijyb zaps a wand.
The puff of flame hits you!
* * * LOW HITPOINT WARNING * * *
You hit Ijyb.
Ijyb is lightly wounded.
Ijyb closely misses you. Ijyb barely misses you.
You riposte.
You barely miss Ijyb. You headbutt Ijyb.
Ijyb is moderately wounded.
You hit Ijyb.
Ijyb is moderately wounded.
Ijyb zaps a wand.
The puff of flame hits you.
* * * LOW HITPOINT WARNING * * *
Okay, then.
As you read the scroll labelled XIOVUE ILYJEJ, it crumbles to dust.
It is a scroll of enchant armour.
Your +0 leather armour glows green for a moment.
Ijyb hits you with a +0 dagger.
You die...

#.##.....#..........
#...##..<#..........
#.#.###.##..........
#.#.....##.........
###.########.......#
...>.......'.......+
###.....####.......#
#.....#
#.......#####
#.....#
#....@......#
#.....#
#.....g......
###.....#
#............
........#
#............
###.....#
#####........
####### ####....#
.(..# ....#


You could see Ijyb.

Vanquished Creatures
  Jessica (D:2)
  5 adders
  A worm (D:2)
  A dart slug (D:3)
  6 endoplasms
  A giant cockroach (D:1)
  8 goblins
  3 hobgoblins
  A jackal (D:3)
  3 quokkas
  6 ball pythons
  2 bats (D:2)
  2 frilled lizards
  4 kobolds
  4 rats
48 creatures vanquished.

Notes
Turn   | Place    | Note
-------+----------+-------------------------------------------
     0 | D:1      | Flarelocke the Demonspawn Gladiator began the quest for the
                  | Orb.
     0 | D:1      | Reached XP level 1. HP: 16/16 MP: 1/1
   165 | D:1      | Gained mutation: A meltable shield of frost defends you.
                  | (SH +0) [demonic ancestry]
   165 | D:1      | Reached XP level 2. HP: 18/22 MP: 2/2
  1034 | D:2      | Gained mutation: You have a pair of small horns on your
                  | head. [demonic ancestry]
  1034 | D:2      | Reached XP level 3. HP: 28/28 MP: 3/3
  1136 | D:2      | Noticed Jessica
  1140 | D:2      | Killed Jessica
  1141 | D:2      | Gained mutation: A meltable icy envelope protects you from
                  | harm. (AC +0) [demonic ancestry]
  1141 | D:2      | Reached XP level 4. HP: 34/34 MP: 4/4
  1881 | D:2      | You fall into a shaft and drop 2 floors!
  1892 | D:4      | Noticed Sigmund
  2003 | D:3      | Noticed Robin
  2269 | D:3      | Noticed Ijyb
  2277 | D:3      | HP: 1/35 [Ijyb/puff of flame (3)]
  2278 | D:3      | Slain by Ijyb

Illustrated notes

Levels and vault maps discovered:
D:1:      dpeg_arrival_pits, layout_loops_ring
D:2:      layout_basic, eino_tiny_chamber, uniq_jessica
D:3:      layout_basic, serial_glass, glass_columns_a, glass_columns_b,
          kennysheep_generic_room_7, uniq_robin, uniq_ijyb
D:4:      layout_loops_ring, lemuel_tele_altar,
          mainiacjoe_overflow_tiny_flanked, uniq_eustachio, uniq_sigmund

Skill      XL: |  1  2  3  4 |
---------------+-------------+-----
Throwing       | 2 |  2.7
Dodging        | 3 |  3.4
Long Blades    | 3 |  3.4
Fighting       | 3 |  3.0

Action                   |  1- 3 |  4- 6 || total
-------------------------+-------+-------++-------
Melee: Long sword        |    59 |    39 ||    98
       Headbutt          |     1 |    13 ||    14
  Use: Scroll            |       |     1 ||     1
Armor: Leather armour    |    13 |    16 ||    29
Dodge: Dodged            |    39 |    32 ||    71
Block: Other             |     9 |     9 ||    18
       Rpst.: Long sword |    13 |    14 ||    27
